 Dungeon Crawl Stone Soup version 0.28.0-1-gb440e238dd (webtiles) character file.

Game seed: 13309259679716898909

18157 Zeldest the Grappler (level 12, -2/118 HPs)
             Began as a Troll Necromancer on Feb 21, 2022.
             Was an Elder of Cheibriados.
             Slain by an azure jelly (7 damage)
             ... on level 10 of the Dungeon.
             The game lasted 00:56:08 (8022 turns).

Zeldest the Grappler (Troll Necromancer)            Turns: 8022, Time: 00:56:08

Health: -2/118     AC:  8    Str: 29    XL:     12   Next: 25%
Magic:  15/15      EV:  8    Int: 25    God:    Cheibriados [****..]
Gold:   1845       SH: 10    Dex: 20    Spells: 6/13 levels left

rFire   . . .      SeeInvis .     - Unarmed
rCold   . . .      Faith    .   a - +0 kite shield
rNeg    . . .      Spirit   .   i - +1 troll leather armour {Snorg}
rPois   .          Reflect  .   (helmet restricted)
rElec   .          Harm     .   u - +0 cloak
rCorr   .          Rampage  .   (gloves unavailable)
Will    .....                   (boots unavailable)
Stlth   ++........              p - amulet of magic regeneration
HPRegen 1.89/turn               c - ring of wizardry
MPRegen 0.54/turn               y - ring of willpower

@: about to teleport, weak-willed, very slow
A: large, unfitting armour, claws 3, regeneration 1, shaggy fur 1, tough skin 1
a: Renounce Religion, Bend Time, Temporal Distortion, Slouch


You were on level 10 of the Dungeon.
You worshipped Cheibriados.
Cheibriados was greatly pleased with you.
You visited 4 branches of the dungeon, and saw 15 of its levels.
You also visited: Sewer.

You collected 1978 gold pieces.
You spent 133 gold pieces at shops.

Inventory:

Missiles
 l - 6 curare-tipped darts
Armour
 a - a +0 kite shield (worn)
 e - +1 swamp dragon scales
 i - a +1 troll leather armour (worn) {Snorg}
 u - a +0 cloak (worn)
 D - a +2 robe of willpower
Jewellery
 c - a ring of wizardry (left claw)
 p - an amulet of magic regeneration (around neck)
 y - a ring of willpower (right claw)
Wands
 A - a wand of polymorph (1)
Scrolls
 d - 3 scrolls of immolation
 f - 3 scrolls of amnesia
 h - a scroll of magic mapping
 n - a scroll of blinking
 r - 2 scrolls of fog
 s - a scroll of enchant weapon {unknown}
 v - 2 scrolls of silence
Potions
 b - a potion of lignification
 g - a potion of magic
 j - a potion of berserk rage
 k - a potion of mutation
 m - 2 potions of ambrosia
 o - a potion of brilliance
 w - a potion of flight
 z - a potion of cancellation
 B - 3 potions of curing
 C - a potion of resistance


   Skills:
 + Level 7.3 Fighting
 - Level 1.5 Dodging
 - Level 1.0 Stealth
 + Level 4.0 Shields
 + Level 8.9 Unarmed Combat
 - Level 1.2 Spellcasting
 - Level 3.5 Necromancy
 + Level 6.5 Translocations
 + Level 6.7 Transmutations
 + Level 4.5 Air Magic
 + Level 5.3 Invocations


You had 6 spell levels left.
You knew the following spells:

 Your Spells              Type           Power      Damage    Failure   Level
a - Manifold Assault      Tloc           34%        N/A       24%         5
b - Blink                 Tloc           68%        N/A       1%          2

Your spell library contained the following spells:

 Spells                   Type           Power      Damage    Failure   Level
 Animate Skeleton         Necr           38%        N/A       3%          1
 Pain                     Necr           76%        1d7       3%          1
 Vampiric Draining        Necr           19%        2d7       9%          3
 Animate Dead             Necr           9%         N/A       28%         4
 Inner Flame              Hex/Fire       1%         N/A       34%         3
 Agony                    Necr           19%        N/A       58%         5
 Cause Fear               Hex            0%         N/A       75%         4
 Storm Form               Tmut/Air       14%        N/A       100%        7
 Discord                  Hex            0%         N/A       100%        8


Dungeon Overview and Level Annotations

Branches:
Dungeon (10/15)            Temple (1/1) D:6            Lair (3/6) D:8
 Shoals (0/4) Lair:2       Spider (0/4) Lair:2          Orc (1/2) D:10
  Sewer (visited)

Altars:
Ashenzari
Cheibriados
Dithmenos
Fedhas
Gozag
Hepliaklqana
Kikubaaqudgha
Nemelex Xobeh
Okawaru
Qazlal
Trog
Uskayaw
Vehumet
Wu Jian
Xom
The Shining One

Shops:
D:8 =!?*   Orc:1 *


Innate Abilities, Weirdness & Mutations

You are too large for most types of armour.
You have claws for hands.
Your natural rate of healing is unusually fast.
You are covered in fur. (AC +1)
You have tough skin. (AC +1)


Message History

Really read the scroll of vulnerability?
As you read the scroll of vulnerability, it crumbles to dust.
Magic quickly surges around you.
Really read the scroll of vulnerability?
As you read the scroll of vulnerability, it crumbles to dust.
Magic quickly surges around you.
Aiming: Polymorph
Press: ? - help, Shift-Dir - straight line, f - orc warlord
Aim: an orc warlord, wielding a +1 great mace of protection and wearing a +0 plate armour (weak-willed, will become an azure jelly, a goliath frog, or a yellow draconian, chance to affect: 39%)
The orc warlord resists with some effort.
Aiming: Polymorph
Press: ? - help, Shift-Dir - straight line, f/p - orc warlord
Aim: an orc warlord, wielding a +1 great mace of protection and wearing a +0 plate armour (weak-willed, will become an azure jelly, a goliath frog, or a yellow draconian, chance to affect: 39%)
The orc warlord evaporates and reforms as an azure jelly!
The azure jelly jiggles.
The warg stops to sniff the ground.
You block the warg's attack.
There is a staircase back to the Dungeon, spattered with blood here.
You block the azure jelly's attack. The azure jelly barely misses you.
The azure jelly hits you.
The azure jelly hits you but does no damage.
The warg bites you!
You climb upwards.
Welcome back to the Dungeon!
There is a staircase to the Orcish Mines, spattered with blood here.
As you read the scroll of teleportation, it crumbles to dust.
You feel strangely unstable. The azure jelly barely misses you.
The azure jelly hits you. The azure jelly freezes you!!
The azure jelly barely misses you. The azure jelly hits you.
The warg bites you. The azure jelly misses you. The azure jelly hits you.
The azure jelly freezes you!!!
* * * LOW HITPOINT WARNING * * *
The azure jelly hits you but does no damage.
You block the azure jelly's attack. The warg bites you but does no damage.
The azure jelly hits you!
* * * LOW HITPOINT WARNING * * *
The azure jelly freezes you!!
* * * LOW HITPOINT WARNING * * *
The azure jelly hits you!
You die...

#........####..[####
#.#..
#.######.#....8....#
#.### #.#
#.#.........#######
#.# # #.#
#.#.........#.....#
#.# # #.#
#.#.....[...#.....#
#.# #.#
#.................#
#.### #.#
#.................#
#.... #.#
#..8..[J...8......#
##### #.#
##....[h@.........#
#.... #.#
#...........######
#.### ##.#
##.........## #.#
...# #..[......# #.#
#### #.........###
#.# #....8....#.#
#.# ####...####.#
#.# ##.#####.# #.#
#..o.ยง..# #.#


You could see an azure jelly and a warg.

Vanquished Creatures
  Snorg (D:10)
  Erolcha (D:9)
  A catoblepas (Lair:2)
  Pikel (D:8)
  6 orc knights (D:10)
  An orc sorcerer (D:10)
  A mana viper (Lair:2)
  3 black mambas (Lair:2)
  A gargoyle (D:10)
  A torpor snail (D:9)
  3 cane toads (Lair:2)
  Psyche (D:10)
  3 komodo dragons
  A wind drake (Lair:2)
  A blink frog (D:10)
  Sigmund (D:4)
  10 yaks
  6 spriggans (Lair:2)
  3 basilisks
  A wraith (D:10)
  2 shadows (D:10)
  A warg (Orc:1)
  An acid dragon (D:10)
  Duvessa (D:7)
  4 water moccasins
  A floating eye (Orc:1)
  A black bear (D:4)
  A sky beast (D:6)
  4 orc warriors
  An ice beast (D:6)
  A necrophage (D:6)
  4 ogres
  11 wolves
  2 centaurs
  A phantom (D:5)
  Blork the orc (D:5)
  5 bullfrogs
  A water moccasin zombie (D:5)
  4 scorpions
  Dowan (D:7)
  A troll zombie (D:10)
  2 howler monkeys (D:6)
  An electric eel (D:10)
  3 centaur zombies
  3 hounds
  A bullfrog zombie (D:5)
  6 orc priests
  An iguana (D:5)
  Natasha (twice) (D:4)
  7 orc wizards
  7 ogre zombies (D:10)
  A hound skeleton (D:5)
  A howler monkey skeleton (D:5)
  9 adders
  3 river rats
  2 shadow imps
  A white imp (D:7)
  An adder skeleton (D:4)
  A worm (D:3)
  4 dart slugs
  25 orcs
  14 ball pythons
  6 endoplasms
  A giant cockroach (D:4)
  12 goblins
  4 hobgoblins
  2 jackals
  3 quokkas
  4 bats
  4 frilled lizards
  A goblin skeleton (D:10)
  3 goblin zombies (D:10)
  3 hobgoblin skeletons (D:10)
  A hobgoblin zombie (D:10)
  12 kobolds
  3 orc skeletons (D:10)
  14 orc zombies (D:10)
  10 rats
274 creatures vanquished.

Vanquished Creatures (others)
  An orc wizard (D:10)
  3 fungi
  23 plants
27 creatures vanquished.

Grand Total: 301 creatures vanquished

Notes
Turn   | Place    | Note
-------+----------+-------------------------------------------
     0 | D:1      | Zeldest the Troll Necromancer began the quest for the Orb.
     0 | D:1      | Reached XP level 1. HP: 16/16 MP: 1/1
   173 | D:1      | Reached XP level 2. HP: 16/26 MP: 2/2
   258 | D:1      | Found a faded altar of an unknown god.
   261 | D:1      | Reached skill level 1 in Unarmed Combat
   564 | D:2      | Reached skill level 1 in Fighting
   564 | D:2      | Reached XP level 3. HP: 33/33 MP: 3/3
   832 | D:3      | Found an ancient bone altar of Kikubaaqudgha.
   866 | D:3      | Found an opulent altar of Gozag.
  1121 | D:3      | Found a hazy altar of Hepliaklqana.
  1184 | D:3      | Reached XP level 4. HP: 41/41 MP: 4/4
  1189 | D:3      | Reached skill level 1 in Transmutations
  1193 | D:3      | Learned a level 2 spell: Blink
  1225 | D:3      | Found a glowing drain.
  1235 | Sewer    | Entered a sewer
  1302 | Sewer    | Reached skill level 2 in Unarmed Combat
  1302 | Sewer    | Reached skill level 1 in Translocations
  1416 | Sewer    | Reached XP level 5. HP: 43/49 MP: 5/5
  1844 | D:4      | Noticed a black bear
  1858 | D:4      | Killed a black bear
  1859 | D:4      | Reached XP level 6. HP: 38/57 MP: 6/6
  1883 | D:4      | Reached skill level 3 in Unarmed Combat
  1908 | D:4      | Noticed a water moccasin
  1916 | D:4      | Killed a water moccasin
  2018 | D:4      | Reached XP level 7. HP: 60/66 MP: 7/7
  2071 | D:4      | Noticed Sigmund
  2080 | D:4      | Killed Sigmund
  2161 | D:4      | Found an iron altar of Okawaru.
  2161 | D:4      | Noticed Natasha
  2171 | D:4      | Killed Natasha
  2371 | D:4      | Noticed Natasha
  2380 | D:4      | Killed Natasha
  2403 | D:5      | Entered Level 5 of the Dungeon
  2427 | D:5      | Found a broken altar of Ashenzari.
  2510 | D:5      | Reached skill level 4 in Unarmed Combat
  2561 | D:5      | Found an ornate altar of the Wu Jian Council.
  2611 | D:5      | Reached XP level 8. HP: 69/78 MP: 8/8
  2730 | D:5      | Noticed Blork the orc
  2753 | D:5      | Killed Blork the orc
  2803 | D:5      | Found a hide-covered altar of Uskayaw.
  3066 | D:6      | Reached skill level 5 in Unarmed Combat
  3206 | D:6      | Found a bloodstained altar of Trog.
  3464 | D:6      | Found a staircase to the Ecumenical Temple.
  3492 | Temple   | Entered the Ecumenical Temple
  3499 | Temple   | Became a worshipper of Cheibriados the Contemplative
  3684 | D:7      | Reached XP level 9. HP: 82/85 MP: 9/9
  3783 | D:7      | Found a stormy altar of Qazlal.
  3785 | D:7      | Noticed Dowan
  3787 | D:7      | Noticed Duvessa
  3816 | D:7      | Killed Duvessa
  3822 | D:7      | Killed Dowan
  3823 | D:7      | Reached skill level 1 in Invocations
  3891 | D:8      | Found Numyul's Jewellery Boutique.
  3892 | D:8      | Found Nuesum's Magic Scroll Shop.
  3893 | D:8      | Found Zunwiky's Distillery.
  3895 | D:8      | Found Ympah's General Store.
  3947 | D:8      | Bought a scroll of teleportation for 42 gold pieces
  3947 | D:8      | Bought a scroll of magic mapping for 49 gold pieces
  3948 | D:8      | Bought a scroll of teleportation for 42 gold pieces
  4032 | D:8      | Noticed Pikel
  4049 | D:8      | Killed Pikel
  4050 | D:8      | Reached skill level 5 in Fighting
  4050 | D:8      | Reached skill level 6 in Unarmed Combat
  4050 | D:8      | Reached skill level 1 in Air Magic
  4337 | D:8      | Found a shimmering altar of Xom.
  4446 | D:8      | Found a staircase to the Lair.
  4559 | D:9      | Reached * piety under Cheibriados
  4654 | D:9      | Found a blossoming altar of Fedhas.
  4712 | D:9      | Identified a scroll of acquirement
  4712 | D:9      | Acquired 1121 gold pieces
  4740 | D:9      | Noticed a two-headed ogre
  4746 | D:9      | Noticed a torpor snail
  4746 | D:9      | a two-headed ogre changed into a torpor snail
  4760 | D:9      | Killed a torpor snail
  4774 | D:10     | Entered Level 10 of the Dungeon
  4885 | D:10     | Noticed Grum
  4890 | D:10     | Noticed Snorg
  4892 | D:10     | Reached skill level 5 in Transmutations
  4898 | D:10     | Noticed Maggie
  4934 | D:10     | Killed Snorg
  4935 | D:10     | Reached XP level 10. HP: 40/98 MP: 11/11
  4935 | D:10     | Noticed Grum
  4935 | D:10     | Grum changed into Grum the scorpion
  4937 | D:10     | Killed Grum the scorpion
  4938 | D:10     | Reached skill level 5 in Translocations
  4943 | D:10     | Noticed Maggie
  4943 | D:10     | Maggie changed into Maggie the blink frog
  4952 | D:10     | Killed Maggie the blink frog
  4987 | D:10     | Noticed Erolcha
  5017 | D:9      | Killed Erolcha
  5018 | D:9      | Reached skill level 7 in Unarmed Combat
  5152 | D:10     | Identified the +6 rapier of Mueph {speed, *Noise Int+4
                  | Dex+5}
  5233 | D:10     | Found a shadowy altar of Dithmenos.
  5238 | D:10     | Noticed a gargoyle
  5285 | D:10     | Found a staircase to the Orcish Mines.
  5322 | D:10     | Noticed Psyche
  5334 | D:10     | Killed Psyche
  5366 | D:10     | Killed a gargoyle
  5415 | D:10     | Reached skill level 1 in Shields
  5486 | D:10     | Reached ** piety under Cheibriados
  5765 | Orc:1    | Entered Level 1 of the Orcish Mines
  5775 | Orc:1    | Noticed an orc knight
  5775 | Orc:1    | Noticed an orc knight
  5890 | Lair:1   | Entered Level 1 of the Lair of Beasts
  5946 | Lair:1   | Reached XP level 11. HP: 100/105 MP: 13/13
  6039 | Lair:1   | Reached *** piety under Cheibriados
  6160 | Lair:2   | Noticed a catoblepas
  6174 | Lair:2   | Killed a catoblepas
  6313 | Lair:2   | Reached skill level 8 in Unarmed Combat
  6666 | Lair:2   | Reached **** piety under Cheibriados
  6726 | Lair:2   | Found a staircase to the Shoals.
  6779 | Lair:2   | Noticed a mana viper
  6779 | Lair:2   | a culicivora changed into a mana viper
  6792 | Lair:2   | Killed a mana viper
  6797 | Lair:2   | HP: 4/160 [culicivora (9)]
  6804 | Lair:2   | HP: 8/240 [wind drake/the air (9)]
  6854 | Lair:2   | Found a hole to the Spider Nest.
  7177 | Lair:3   | Noticed a seven-headed hydra
  7189 | Lair:2   | Learned a level 5 spell: Manifold Assault
  7380 | Orc:1    | an orc knight changed into a floating eye
  7384 | Orc:1    | Paralysed by a floating eye for 3 turns
  7388 | Orc:1    | Noticed an orc knight
  7417 | D:10     | Killed an orc knight
  7418 | D:10     | Reached skill level 5 in Invocations
  7428 | Orc:1    | Noticed an orc knight
  7445 | D:10     | Killed an orc knight
  7446 | D:10     | Reached XP level 12. HP: 32/118 MP: 14/14
  7867 | Orc:1    | Found Riubeufa's Assorted Antiques.
  8010 | Orc:1    | Noticed an orc warlord
  8017 | Orc:1    | Noticed an azure jelly
  8017 | Orc:1    | an orc warlord changed into an azure jelly
  8022 | D:10     | HP: 5/118 [azure jelly (20)]
  8022 | D:10     | Slain by an azure jelly

Illustrated notes

Levels and vault maps discovered:
D:1:      erik_arrival_blinker_ship, layout_loops_ring,
          hellmonk_ecumenical_altar_lost_god, minmay_liquid_box,
          corner_web_ring, serial_bayou_pond_b
D:2:      layout_basic
D:3:      layout_loops_ring, pdpol_temple_overflow_zin_treasury_gozag_greed,
          old_standard_altar, marbit_many_paths, gup_sewer_entry_bubbles,
          patterned_corridor
D:4:      layout_loops_corners, mainiacjoe_overflow_alcove_1,
          minmay_misc_feat_doors, st_stairs_12, hangedman_minor_gate_pass,
          uniq_sigmund, uniq_natasha
D:5:      layout_cave_pods, mainiacjoe_overflow_catwalk,
          mainiacjoe_overflow_boulevard, mainiacjoe_overflow_surrounded_room,
          uniq_blork_the_orc
D:6:      layout_cave_pools, trog_three_pillars_becter,
          minmay_temple_entry_proselytizer, minmay_ogre_servants
D:7:      layout_loops_ring, nicolae_qazlal_general_emergency, uniq_duvessa
D:8:      layout_gridville, mainiacjoe_overflow_concentric_impassable,
          grunt_lair_entry_orc_guard_hut, nicolae_wooded_promenade, uniq_pikel
D:9:      layout_layer_cave, kennysheep_little_box, uniq_erica
D:10:     layout_basic, nicolae_dithmenos_the_darkroom, zombieorc2_lemuel,
          uniq_psyche, uniq_grum, uniq_snorg, uniq_maggie, uniq_erolcha
Temple:   compressed_dpeg_triangle_lava_temple
Lair:1:   layout_cave_pods
Lair:2:   kb_forest_paths, layout_regular_city, elwin_shoals_entry_rooms,
          hellmonk_spider_entry_life_and_decay, chequers_serial_rivers_small_a
Lair:3:   layout_regular_city, ebering_ghost_disaster_area,
          grunt_forest_small_clearing_treed, grunt_megastairs_3,
          infiniplex_staircase_pool, uniq_nergalle
Orc:1:    layout_caves, serial_shops, nicolae_shop_trees, basic_altar,
          guppyfry_orc_lava_fort

Skill      XL: |  1  2  3  4  5  6  7  8  9 10 11 12 |
---------------+-------------------------------------+-----
Unarmed Combat | 1 2 3 4 5 6 7 8 |  8.9
Fighting       | 1 2 3 4 5 6 7 |  7.3
Transmutations | 1 2 3 4 5 6 |  6.7
Translocations | 1 2 3 4 5 6 |  6.5
Invocations    | 3 4 5 |  5.3
Air Magic      | 2 3 4 |  4.5
Shields        | 1 3 4 |  4.0
Dodging        | |  1.5
Stealth        | |  1.0
Spellcasting   | |  1.2
Necromancy     | |  3.5

Action                   |  1- 3 |  4- 6 |  7- 9 | 10-12 || total
-------------------------+-------+-------+-------+-------++-------
Melee: Unarmed           |   154 |   170 |   340 |   581 ||  1245
       Punch             |     2 |     4 |    11 |     1 ||    18
 Cast: Blink             |       |       |     1 |    16 ||    17
       Manifold Assault  |       |       |       |     6 ||     6
Invok: Bend Time         |       |       |       |     4 ||     4
Evoke: Wand              |       |       |    12 |    11 ||    23
  Use: Scroll            |     3 |       |    17 |    12 ||    32
       Potion            |       |     2 |     5 |     8 ||    15
 Stab: Sleeping          |     2 |     1 |     1 |     1 ||     5
       Paralysed         |       |       |    13 |       ||    13
       Invisible         |       |       |     2 |       ||     2
       Distracted        |       |       |       |     1 ||     1
Armor: Robe              |    56 |    36 |   126 |     1 ||   219
       Skin              |       |       |    18 |    15 ||    33
       Troll leather arm |       |       |       |   110 ||   110
Dodge: Dodged            |    78 |    65 |   146 |   141 ||   430
Block: Kite shield       |       |       |       |   213 ||   213
